 Dungeon Crawl Stone Soup version 0.31.0-1-g2c135a008e (webtiles) character file.

Game seed: 3997631070085988375

94 qw the Shooter (level 4, -2/35 HPs)
             Began as a Djinni Hunter on Jan 23, 2024.
             Slain by a gnoll
             ... wielding a +0 halberd
              (12 damage)
             ... on level 2 of the Dungeon.
             The game lasted 00:00:11 (1414 turns).

qw the Shooter (Djinni Hunter)                      Turns: 1414, Time: 00:00:12

Health: -2/35      AC:  3    Str: 10    XL:     4   Next: 94%
Gold:   76         EV: 13    Int: 10    God:
                   SH:  0    Dex: 19

rFire   + + .        a - +0 shortbow
rCold   x . .        (shield currently unavailable)
rNeg    . . .        c - +0 leather armour
rPois   inf          (no helmet)
rElec   .            (no cloak)
rCorr   .            (no gloves)
SInv    .            (boots unavailable)
Will    .....        (no amulet)
Stlth   ++           (no ring)
HPRegen 0.25/turn    (no ring)
MPRegen 0.00/turn

%: infuse magic (-3 HP)
@: flying
A: sickness immunity, fire resistance 2, cold vulnerability 1, float, innate
caster, HP casting, extra vitality 1
a: no special abilities


You were on level 2 of the Dungeon.
You visited 1 branch of the dungeon, and saw 2 of its levels.

You collected 76 gold pieces.


Innate Abilities, Weirdness & Mutations

You are immune to sickness and miasma.
You are immune to poison.
Your flesh is very heat resistant. (rF++)
You are vulnerable to cold. (rC-)
You float through the air rather than walking.
You learn spells naturally, not from books.
Your magical power is your life essence.
You have superior vitality. (+4 MHP)


   Skills:
 - Level 3.0 Fighting
 + Level 4.1 Ranged Weapons
 - Level 3.0 Dodging
 - Level 0.7 Stealth


You knew the following spells:

 Your Spells              Type           Power      Damage    Failure   Level
a - Sting                 Conj/Alch      0%         1d3       45%         1
Your spell library was empty.

Inventory:

Hand Weapons
 a - a +0 shortbow (weapon)
Armour
 b - a +0 ring mail
 c - a +0 leather armour (worn)
 f - a +0 helmet
Scrolls
 g - a scroll of torment {unknown}
 h - a scroll of teleportation {unknown}
Potions
 d - a potion of degeneration {unknown}
 e - a potion of magic {unknown}
 i - a potion of lignification {unknown}

Dungeon Overview and Level Annotations

Branches:
Dungeon (2/15)

Altars:


Message History

Enter note:
1403 ||| RETREEEEATING.
Enter note:
Enter note:
Enter note:
1404 ||| RETREEEEATING.
You shoot an arrow. The arrow barely misses the gnoll.
The gnoll hits you with a +0 whip. The gnoll barely misses you.
You shoot an arrow. The arrow barely misses the gnoll.
The gnoll hits you with a +0 whip. The gnoll closely misses you.
The gnoll hits you with a +0 whip.
Enter note:
Enter note:
Enter note:
1407 ||| RETREEEEATING.
You shoot an arrow. The arrow closely misses the gnoll.
You shoot an arrow. The arrow barely misses the gnoll.
The gnoll hits you with a +0 whip. The goblin hits you with a +0 club.
Enter note:
Enter note:
Enter note:
1410 ||| RETREEEEATING.
You shoot an arrow. The arrow barely misses the gnoll.
The arrow hits the goblin.
The goblin is heavily wounded.
The gnoll barely misses you.
The gnoll hits you from afar with a +0 halberd.
The gnoll barely misses you.
You shoot an arrow.
The arrow hits the gnoll but does no damage.
The gnoll is severely wounded.
The gnoll misses you. x2
You shoot an arrow. The arrow hits the gnoll.
You kill the gnoll!
The gnoll barely misses you.
You shoot an arrow. The arrow hits the goblin.
The goblin is severely wounded.
The goblin barely misses you.
The gnoll hits you from afar with a +0 halberd!
You die...

..........# #####.........
#.......##.#.####
#####...###.##.#.#...
##......#.....#.#.#.##
#########..#.#...#.#..#.......
#......##.##.##..#.#..#.#.#.##
#......).....##..#.#..###.#...
#......#.####@...#.#......###.
######...####g##.#.#.########.
####>...g.g.................
#........##....#....).......
#........##########.########
#......g.# .# ....) #........#
##### #.......## #.......#


You could see a gnoll and a goblin.

Vanquished Creatures
  A gnoll (D:2)
  3 adders (D:2)
  2 dart slugs
  5 ball pythons
  6 endoplasms
  3 giant cockroaches
  7 goblins
  4 hobgoblins (D:1)
  3 jackals (D:1)
  A quokka (D:1)
  6 bats
  3 frilled lizards (D:1)
  3 kobolds
  7 rats
54 creatures vanquished.

Notes
Turn   | Place    | Note
-------+----------+-------------------------------------------
     0 | D:1      | qw the Djinni Hunter began the quest for the Orb.
     0 | D:1      | Reached XP level 1. HP: 18/18 MP: 0/0
     0 | D:1      | 0 ||| qw: Version: 0.3-a-136-gdd3b4e8
     0 | D:1      | 0 ||| qw: Game counter: 1100
     0 | D:1      | 0 ||| qw: Melee chars always use a shield: true
     0 | D:1      | 0 ||| qw: God list: Okawaru
     0 | D:1      | 0 ||| qw: Allow faded altars: false
     0 | D:1      | 0 ||| qw: Do Orc after clearing Dungeon:15 true
     0 | D:1      | 0 ||| qw: Do second Lair branch before Depths: true
     0 | D:1      | 0 ||| qw: Lair rune preference: random
     0 | D:1      | 0 ||| qw: Goals: Normal
     0 | D:1      | 0 ||| PLANNING D:1-11
   110 | D:1      | Reached XP level 2. HP: 23/23 MP: 0/0
   198 | D:1      | Reached XP level 3. HP: 19/28 MP: 0/0
   198 | D:1      | Learned a level 1 spell: Sting
   247 | D:1      | Reached skill level 4 in Ranged Weapons
   850 | D:1      | 850 ||| READING scroll labelled DOM RESAQI.
   951 | D:1      | 951 ||| DROPPING scroll of butterflies.
   978 | D:2      | 978 ||| STAIRDANCE
   982 | D:2      | 982 ||| STAIRDANCE
   986 | D:2      | 986 ||| STAIRDANCE
  1061 | D:2      | Reached XP level 4. HP: 34/34 MP: 0/0
  1064 | D:2      | Reached skill level 3 in Fighting
  1284 | D:2      | Reached skill level 3 in Dodging
  1390 | D:2      | 1390 ||| RETREEEEATING.
  1392 | D:2      | 1392 ||| RETREEEEATING.
  1393 | D:2      | 1393 ||| RETREEEEATING.
  1394 | D:2      | 1394 ||| RETREEEEATING.
  1395 | D:2      | 1395 ||| RETREEEEATING.
  1396 | D:2      | 1396 ||| RETREEEEATING.
  1397 | D:2      | 1397 ||| RETREEEEATING.
  1398 | D:2      | 1398 ||| RETREEEEATING.
  1399 | D:2      | 1399 ||| RETREEEEATING.
  1400 | D:2      | 1400 ||| RETREEEEATING.
  1401 | D:2      | 1401 ||| RETREEEEATING.
  1402 | D:2      | 1402 ||| RETREEEEATING.
  1403 | D:2      | 1403 ||| RETREEEEATING.
  1404 | D:2      | 1404 ||| RETREEEEATING.
  1407 | D:2      | 1407 ||| RETREEEEATING.
  1410 | D:2      | 1410 ||| RETREEEEATING.
  1414 | D:2      | Slain by a gnoll

Levels and vault maps discovered:
D:1:      saegor_arrival_fortress, layout_basic
D:2:      layout_basic

Skill      XL: |  1  2  3  4 |
---------------+-------------+-----
Ranged Weapons | 4 |  4.1
Fighting       | 3 |  3.0
Dodging        | 3 |  3.0
Stealth        | |  0.7

Action                     |  1- 3 |  4- 6 || total
---------------------------+-------+-------++-------
   Fire: Shortbow          |    93 |    40 ||   133
    Use: Scroll            |     1 |       ||     1
 Armour: Leather armour    |    23 |    14 ||    37
  Dodge: Dodged            |    32 |    14 ||    46

Table legend:
 A = Non-vault XP
 B = Vault XP
 C = Vault XP percentage of total XP
 D = Non-vault monster count
 E = Vault monster count
 F = Vault count percentage of total count
                 A         B        C        D         E       F
            +---------+---------+-------+---------+---------+-------
      Total |     135 |       0 |   0.0 |      54 |       0 |   0.0
            +---------+---------+-------+---------+---------+-------
        D:1 |      56 |       0 |   0.0 |      36 |       0 |   0.0
        D:2 |      79 |       0 |   0.0 |      18 |       0 |   0.0
            +---------+---------+-------+---------+---------+-------
